 Dungeon Crawl Stone Soup version 0.31-a0-37-g98a128e1d9 (webtiles) character file.

Game seed: 17749881675597137644

91 pokeman the Magician (level 4, -8/25 HPs)
             Began as a Deep Elf Hedge Wizard on May 15, 2023.
             Mangled by Menkaure (17 damage)
             ... on level 4 of the Dungeon.
             The game lasted 00:05:00 (3050 turns).

pokeman the Magician (Deep Elf Hedge Wizard)        Turns: 3050, Time: 00:05:01

Health: -8/25      AC:  3    Str:  7    XL:     4   Next: 34%
Magic:  6/13       EV: 12    Int: 21    God:
Gold:   127        SH:  0    Dex: 14    Spells: 6/14 levels left

rFire   . . .        t - +2 short sword (venom)
rCold   . . .        (no shield)
rNeg    . . .        s - +0 toga "Victory" {*Victory Clar}
rPois   .            c - +0 hat
rElec   .            (no cloak)
rCorr   .            (no gloves)
SInv    .            g - +0 pair of boots
Will    .....        (no amulet)
Stlth   ++           (no ring)
HPRegen 0.24/turn    (no ring)
MPRegen 0.13/turn

%: clarity
@: very slightly contaminated
A: no striking features
a: no special abilities


You were on level 4 of the Dungeon.
You visited 1 branch of the dungeon, and saw 4 of its levels.

You collected 127 gold pieces.

Inventory:

Hand Weapons
 t - a +2 short sword of venom (weapon)
Armour
 c - a +0 hat (worn)
 g - a +0 pair of boots (worn)
 s - the +0 toga "Victory" (worn) {*Victory Clar}
   (You found it on level 3 of the Dungeon)

   *Victory:  When the wearer kills a threatening monster, it has a chance to
   gain +1 AC, +1 Slay, and +1 Int, capping at +7.
   When the wearer uses a scroll or a potion with a hostile monster in sight,
   its bonuses reset to +0.
   Unequipping it also resets its bonuses to +0.
   Clar:      It protects you from confusion, rage, mesmerisation and fear.
Jewellery
 h - an amulet of faith
Scrolls
 b - a scroll of magic mapping {unknown}
 j - 2 scrolls of poison {unknown}
 o - a scroll of immolation {unknown}
 p - 2 scrolls of identify {unknown}
 q - a scroll of teleportation {unknown}
 r - a scroll of enchant armour {unknown}
Potions
 d - a potion of magic
 e - 2 potions of haste {unknown}
 f - a potion of brilliance {unknown}
 i - a potion of attraction {unknown}
 k - a potion of invisibility {unknown}
 l - a potion of flight {unknown}
 m - 6 potions of curing {unknown}
 n - a potion of ambrosia {unknown}


   Skills:
 - Level 1.1 Fighting
 - Level 1.0 Armour
 + Level 2.6 Dodging
 + Level 2.6 Stealth
 * Level 5.6 Spellcasting
 + Level 2.2 Conjurations
 - Level 1.1 Summonings
 - Level 1.1 Translocations


You had 6 spell levels left.
You knew the following spells:

 Your Spells              Type           Power      Damage    Failure   Level
a - Magic Dart            Conj           60%        1d6       4%          1
b - Mephitic Cloud        Conj/Pois/Air  9%         N/A       22%         3
c - Call Imp              Summ           20%        N/A       10%         2
d - Blink                 Tloc           20%        N/A       10%         2

Your spell library contained the following spells:

 Spells                   Type           Power      Damage    Failure   Level
 Lesser Beckoning         Tloc           20%        N/A       10%         2
 Slow                     Hex            20%        N/A       11%         1
 Cigotuvi's Dreadful Rot  Necr/Pois/Air  10%        N/A       16%         2
 Gell's Gravitas          Tloc           10%        N/A       19%         3
 Teleport Other           Tloc           10%        N/A       19%         3


Dungeon Overview and Level Annotations

Branches:
Dungeon (4/15)             Temple (0/1) D:4

Altars:

Shops:
D:3 =

Annotations:
D:4 Menkaure


Message History

Confirm with . or Enter, or press ? or * to list all spells.
Aiming: Magic Dart (safe; 4% risk of failure)
Press: ? - help, Shift-Dir - straight line, f/p - Menkaure
Aim: Menkaure (lightly damaged, 100% to hit)
The magic dart hits Menkaure.
Menkaure is lightly damaged.
Casting: Magic Dart (safe; 4% risk of failure)
Confirm with . or Enter, or press ? or * to list all spells.
Aiming: Magic Dart (safe; 4% risk of failure)
Press: ? - help, Shift-Dir - straight line, f/p - Menkaure
Aim: Menkaure (lightly damaged, 100% to hit)
You miscast Magic Dart.
You are very lightly contaminated with residual magic.
Nothing appears to happen.
Casting: Magic Dart (safe; 4% risk of failure)
Confirm with . or Enter, or press ? or * to list all spells.
Aiming: Magic Dart (safe; 4% risk of failure)
Press: ? - help, Shift-Dir - straight line, f/p - Menkaure
Aim: Menkaure (lightly damaged, 100% to hit)
The magic dart hits Menkaure but does no damage.
Menkaure is lightly damaged.
Casting: Magic Dart (safe; 4% risk of failure)
Confirm with . or Enter, or press ? or * to list all spells.
Aiming: Magic Dart (safe; 4% risk of failure)
Press: ? - help, Shift-Dir - straight line, f/p - Menkaure
Aim: Menkaure (lightly damaged, 100% to hit)
The magic dart hits Menkaure.
Menkaure is moderately damaged.
Menkaure hits you!
Ouch! That really hurt!
Casting: Magic Dart (safe; 4% risk of failure)
Confirm with . or Enter, or press ? or * to list all spells.
Aiming: Magic Dart (safe; 4% risk of failure)
Press: ? - help, Shift-Dir - straight line, f/p - Menkaure
Aim: Menkaure (moderately damaged, 100% to hit)
The magic dart hits Menkaure but does no damage.
Menkaure is moderately damaged.
Menkaure hits you!
Ouch! That really hurt!
You die...

.###. ..>. ....
... .#.# . #
..###...## ..
#.###$.....####
...#.#...#.##....
........##.....##
....#..>.@M.....##
#....†........<..#
#................#
#......!.........#
#................#
#................#
#................#
##..............##
##.....##.....##


You could see Menkaure.

Vanquished Creatures
  An orc wizard (D:3)
  2 adders
  4 orcs (D:3)
  6 ball pythons
  4 bats
  4 endoplasms
  2 giant cockroaches (D:1)
  4 hobgoblins
  A quokka (D:2)
  3 frilled lizards
  3 goblins
  4 kobolds
  6 rats
44 creatures vanquished.

Notes
Turn   | Place    | Note
-------+----------+-------------------------------------------
     0 | D:1      | pokeman the Deep Elf Hedge Wizard began the quest for the
                  | Orb.
     0 | D:1      | Reached XP level 1. HP: 10/10 MP: 7/7
   281 | D:1      | Reached XP level 2. HP: 16/16 MP: 2/9
  1074 | D:2      | Reached skill level 5 in Spellcasting
  1461 | D:2      | Reached XP level 3. HP: 20/20 MP: 9/11
  1465 | D:2      | Learned a level 3 spell: Mephitic Cloud
  1468 | D:2      | Learned a level 2 spell: Call Imp
  1471 | D:2      | Learned a level 2 spell: Blink
  1810 | D:3      | Found the +0 toga "Victory" {*Victory Clar}
  2212 | D:3      | Reached skill level 1 in Fighting
  2212 | D:3      | Reached skill level 1 in Armour
  2277 | D:3      | Reached XP level 4. HP: 25/25 MP: 7/13
  2366 | D:3      | Found Tul Huok's Jewellery Shoppe.
  2896 | D:4      | Noticed an ogre
  2995 | D:4      | Noticed Menkaure
  3041 | D:4      | Found a staircase to the Ecumenical Temple.
  3050 | D:4      | Mangled by Menkaure

Illustrated notes

Levels and vault maps discovered:
D:1:      spicycebolla_arrival_risky_transporter, layout_rooms
D:2:      layout_loops_cross
D:3:      layout_loops_ring, serial_shops, nicolae_shop_gaudy_bauble
D:4:      layout_rooms, minmay_temple_entry_slanted, nicolae_wooded_promenade,
          kennysheep_cross_room, kennysheep_pointless_box, uniq_eustachio,
          uniq_menkaure, uniq_edmund

Skill      XL: |  1  2  3 |
---------------+----------+-----
Spellcasting   | 5 |  5.6
Fighting       | 1 |  1.1
Armour         | 1 |  1.0
Conjurations   | 2 |  2.2
Dodging        | |  2.6
Stealth        | |  2.6
Summonings     | |  1.1
Translocations | |  1.1

Action                     |  1- 3 |  4- 6 || total
---------------------------+-------+-------++-------
  Melee: Dagger            |    19 |       ||    19
   Cast: Magic Dart        |   106 |    31 ||   137
         Mephitic Cloud    |     2 |       ||     2
         Blink             |     2 |       ||     2
         Call Imp          |     2 |       ||     2
   Stab: Confused          |     1 |       ||     1
 Armour: Robe              |    22 |     1 ||    23
  Dodge: Dodged            |    32 |     5 ||    37

Table legend: (Time is in decaauts)
 A = Elapsed time spent in this place.
 B = Non-inter-level travel time spent in this place.
 C = Inter-level travel time spent in this place.
 D = Time resting spent in this place.
 E = Time spent auto-exploring this place.
 F = Levels seen in this place.
 G = Mean time per level.
                   A        B        C        D        E       F      G
               +--------+--------+--------+--------+--------+-----+--------+
         Total |   3051 |   2981 |     70 |    409 |   2171 |   4 |  762.8 |
       Dungeon |   3051 |   2981 |     70 |    409 |   2171 |   4 |  762.8 |
               +--------+--------+--------+--------+--------+-----+--------+

Top non-repeatable levels by time:
     D:2: 1280 daAuts
     D:3: 944 daAuts
     D:1: 754 daAuts
     D:4: 73 daAuts
